 Dungeon Crawl Stone Soup version 0.29.1-4-g47bece8355 (webtiles) character file.

Game seed: 6024990122739064431

112 rakiston the Chopper (level 4, -7/41 HPs)
             Began as a Minotaur Berserker on Dec 6, 2022.
             Was a Believer of Trog.
             Killed by divine providence
             ... invoked by an orc priest
              (11 damage)
             ... on level 3 of the Dungeon.
             The game lasted 00:14:48 (1684 turns).

rakiston the Chopper (Minotaur Berserker)           Turns: 1684, Time: 00:14:48

Health: -7/41      AC:  2    Str: 23    XL:     4   Next: 63%
Magic:  3/3        EV: 12    Int:  4    God:    Trog [**....]
Gold:   139        SH:  0    Dex: 10    Spells: 3/3 levels left

rFire   . . .      SeeInvis .   l - +4 mace (protect)
rCold   . . .      Faith    .   (no shield)
rNeg    . . .      Spirit   .   b - +0 animal skin
rPois   .          Reflect  .   (helmet restricted)
rElec   .          Harm     .   (no cloak)
rCorr   .          Rampage  .   (no gloves)
Will    .....                   (no boots)
Stlth   +.........              (no amulet)
HPRegen 0.13/turn               (no ring)
MPRegen 0.08/turn               (no ring)

@: no status effects
A: horns 2, retaliatory headbutt
a: Renounce Religion, Berserk, Trog's Hand


You were on level 3 of the Dungeon.
You worshipped Trog.
Trog was pleased with you.
You visited 1 branch of the dungeon, and saw 3 of its levels.

You collected 139 gold pieces.

Inventory:

Hand Weapons
 a - a +0 hand axe
 e - a +0 sling
 i - a +0 sling
 l - a +4 mace of protection (weapon)
Missiles
 d - 33 stones (quivered)
 f - 3 boomerangs
Armour
 b - a +0 animal skin (worn)
Scrolls
 g - a scroll of vulnerability
 m - a scroll of amnesia
Potions
 h - a potion of ambrosia
 j - a potion of lignification {unknown}
 o - a potion of attraction {unknown}


   Skills:
 + Level 4.5 Fighting
 + Level 4.9(5.1) Axes
 + Level 1.4(3.4) Maces & Flails
 + Level 2.6 Armour
 + Level 2.9 Dodging
 + Level 0.5 Stealth


You had 3 spell levels left.
You didn't know any spells.
Your spell library contained the following spells:

 Spells                   Type           Power      Damage    Failure   Level
 Confusing Touch          Hex            0%         N/A       86%         3
 Tukima's Dance           Hex            0%         N/A       86%         3
 Blade Hands              Tmut           0%         N/A       100%        5
 Yara's Violent Unravell  Hex/Tmut       0%         3d3       100%        5
 Eringya's Noxious Bog    Tmut/Pois      0%         N/A       100%        6
 Enfeeble                 Hex            0%         N/A       100%        7


Dungeon Overview and Level Annotations

Branches:
Dungeon (3/15)

Altars:


Innate Abilities, Weirdness & Mutations

You have a pair of horns on your head.
You reflexively headbutt those who attack you in melee.


Message History

A puff of flame appears from out of thin air!
The puff of flame hits you.
A hobgoblin comes into view.
The hobgoblin shouts!
Items here: ( ) ? †.
Something hits you but does no damage.
You closely miss something. Your headbutt misses something.
You hear some strange, mumbled words.
A puff of flame appears from out of thin air!
The puff of flame hits you!
The orc priest mumbles some strange prayers to Beogh against you.
Beogh smites you!
* * * LOW HITPOINT WARNING * * *
An endoplasm comes into view.
A magic dart appears from out of thin air!
The magic dart hits you!
* * * LOW HITPOINT WARNING * * *
As you read the scroll labelled KOTTIN YDD, it crumbles to dust.
You assume a fearsome visage.
The hobgoblin looks frightened!
The endoplasm looks frightened!
The endoplasm quivers.
It was a scroll of fear.
As you read the scroll labelled QEYC BAOLE, it crumbles to dust.
You feel strangely unstable.
It was a scroll of teleportation.
The orc priest looks satisfied for a moment.
Your surroundings suddenly seem different.
Found a scroll labelled GASHRUFE TOASYHI.
You start resting.
An orc priest is nearby!
As you read the scroll labelled UROIDE SACE, it crumbles to dust.
You feel aware of your surroundings.
You sensed 1 altar.
It was a scroll of magic mapping.
The orc priest shouts!
You hear a shout!
The orc priest mumbles some strange prayers to Beogh against you.
Pain shoots through your body!
* * * LOW HITPOINT WARNING * * *
You see here a scroll labelled GASHRUFE TOASYHI.
The orc priest calls down the wrath of Beogh upon you.
Beogh smites you!
You die...

######## ** #......# ****,
#......# *,,,, #......# **,,,,
*******#......##### *,,,,,
*,,,,.##...?......# *,,,,,
*...........@.###.#*****,*,,,
*..^..o#######......,,,,,*,,,
*......# **,,.....,,,,,,,,,
###......* *,<,,....,,,,,*,,,
#...###.#* *,,,,,...,,,,,*,,,
##..####.#### *,,,,,,..,,,,,*,,,
#...........# *,,,,,,,.,,,,,,,,,
##..o........#**,,,,,,,,,,,,,,,,,
#.o##........##.,,,,,,,,,**,***,,


You could see an orc priest.

Vanquished Creatures
  An orc wizard (D:3)
  Robin (D:2)
  A gnoll (D:1)
  3 worms (D:2)
  2 dart slugs
  An orc (D:3)
  2 endoplasms
  4 giant cockroaches (D:1)
  13 goblins
  6 hobgoblins
  A quokka (D:3)
  3 ball pythons
  3 bats
  8 kobolds
  3 rats
52 creatures vanquished.

Notes
Turn   | Place    | Note
-------+----------+-------------------------------------------
     0 | D:1      | rakiston the Minotaur Berserker began the quest for the
                  | Orb.
     0 | D:1      | Reached XP level 1. HP: 19/19 MP: 0/0
    87 | D:1      | Reached XP level 2. HP: 27/27 MP: 1/1
   259 | D:1      | Got the Quarto of Spellbinding and Transformation
   333 | D:1      | Reached XP level 3. HP: 31/33 MP: 2/2
  1042 | D:2      | Noticed Robin
  1053 | D:2      | Killed Robin
  1053 | D:2      | Reached ** piety under Trog
  1070 | D:2      | Reached XP level 4. HP: 22/41 MP: 3/3
  1382 | D:2      | Found a faded altar of an unknown god.
  1544 | D:3      | Reached skill level 1 in Maces & Flails
  1650 | D:3      | HP: 1/41 [something/magic dart (9)]
  1684 | D:3      | Killed from afar by an orc priest

Illustrated notes

Levels and vault maps discovered:
D:1:      dpeg_arrival_short_road, layout_rooms, minmay_stone_trees_small
D:2:      layout_loops_cross, basic_ecumenical_altar, uniq_robin
D:3:      layout_rooms, zin_statuary, minmay_bisected

Skill      XL: |  1  2  3  4 |
---------------+-------------+-----
Fighting       | 4 |  4.5
Axes           | 4 |  4.9
Maces & Flails | 1 |  1.4
Armour         | |  2.6
Dodging        | |  2.9
Stealth        | |  0.5

Action                   |  1- 3 |  4- 6 || total
-------------------------+-------+-------++-------
Melee: Hand axe          |    48 |       ||    48
       Headbutt          |    10 |       ||    10
       Punch             |     1 |       ||     1
       Mace              |    13 |    28 ||    41
Throw: Stone             |       |     2 ||     2
  Use: Scroll            |     1 |     4 ||     5
       Potion            |     1 |       ||     1
 Stab: Sleeping          |     1 |       ||     1
Armor: Animal skin       |     6 |     6 ||    12
Dodge: Dodged            |    28 |    16 ||    44
